 Dungeon Crawl Stone Soup version 0.29.0-4-gdea44cf6ec (webtiles) character file.

Game seed: 2662536994392123519

590367 SnakkuSnakku7 the Force of Nature (level 27, -22/179 HPs)
             Began as a Tengu Warper on Aug 28, 2022.
             Was the Champion of Fedhas.
             Killed from afar by Vv (50 damage)
             ... by creeping frost
             ... on level 4 of the Realm of Zot.
             The game lasted 02:42:02 (75338 turns).

SnakkuSnakku7 the Force of Nature (Tengu Warper)   Turns: 75338, Time: 02:42:02

Health: -22/179    AC: 35    Str: 35    XL:     27
Magic:  0/40       EV: 26    Int: 18    God:    Fedhas [******]
Gold:   4497       SH: 16    Dex: 26    Spells: 30/30 levels left

rFire   + . .      SeeInvis +   a - +6 eveningstar "Higab" {vamp, rPois Str+6}
rCold   + + .      Faith    .   j - +0 kite shield {reflect}
rNeg    . . .      Spirit   +   F - +10 gold dragon scales
rPois   +          Reflect  +   O - +3 crown of Dyrovepreva {rElec Int+2 SInv}
rElec   +          Harm     .   J - +2 cloak
rCorr   .          Rampage  .   E - +2 pair of gloves
Will    ++...                   (boots unavailable)
Stlth   ..........              n - amulet of guardian spirit
HPRegen 0.39/turn               y - ring "Neehiola" {rPois rC+ Str+6 Slay+2}
MPRegen 0.27/turn               m - ring "Narix" {+Blink rPois Str+6 Dex+6}

@: mighty, frozen, corroded, flying quickly and evasively, hasted and slowed,
studying Unarmed Combat, slow
A: beak, talons 3, nimble flight
}: 3/15 runes: barnacled, silver, gossamer
a: Renounce Religion, Evoke Blink, Wall of Briars, Grow Ballistomycete,
Overgrow, Grow Oklob


You were on level 4 of the Realm of Zot.
You worshipped Fedhas.
Fedhas was exalted by your worship.
You visited 10 branches of the dungeon, and saw 49 of its levels.
You visited the Abyss 3 times.
You visited 1 bazaar.
You also visited: Sewer and Gauntlet.

You collected 10151 gold pieces.
You spent 5654 gold pieces at shops.

Inventory:

Hand Weapons
 a - the +6 eveningstar "Higab" (weapon) {vamp, rPois Str+6}
   (You acquired it on level 1 of the Crypt)

   It occasionally heals its wielder for a portion of the damage dealt when it
   wounds a living foe.
   Str:       It affects your strength (+6).
   rPois:     It protects you from poison.
 b - a +9 demon whip of draining
Missiles
 w - 6 throwing nets (quivered)
Armour
 j - a +0 kite shield of reflection (worn)
 E - a +2 pair of gloves (worn)
 F - +10 gold dragon scales (worn)
 J - a +2 cloak (worn)
 O - the +3 crown of Dyrovepreva (worn) {rElec Int+2 SInv}
   (You found it on level 5 of the Vaults)

   Int:       It affects your intelligence (+2).
   rElec:     It insulates you from electricity.
   SInv:      It lets you see invisible.
Jewellery
 d - a ring of resist corrosion
 h - a +4 ring of protection
 m - the ring "Narix" (right hand) {+Blink rPois Str+6 Dex+6}
   (You found it on level 3 of the Elven Halls)

   [ring of dexterity]

   Str:       It affects your strength (+6).
   Dex:       It affects your dexterity (+6).
   rPois:     It protects you from poison.
   +Blink:    It lets you blink.
 n - an amulet of guardian spirit (around neck)
 y - the ring "Neehiola" (left hand) {rPois rC+ Str+6 Slay+2}
   (You found it on level 1 of the Depths)

   [ring of strength]

   Str:       It affects your strength (+6).
   Slay:      It affects your accuracy & damage with ranged weapons and melee
   (+2).
   rC:        It protects you from cold.
   rPois:     It protects you from poison.
 B - the ring of Shadows {Umbra +Inv Stlth+}
   (You found it in a Gauntlet)

   [ring of stealth]

   It surrounds you with an aura of shadow, increasing your stealth and reducing
   the accuracy of all others within it.
   +Inv:      It lets you turn invisible.
   Stlth:     It makes you more stealthy.
 G - the ring "Xeetyeb" {rC- Will++ MP+9 Str+6 Int-2}
   (You bought it in a shop on level 4 of the Vaults)

   [ring of strength]

   Str:       It affects your strength (+6).
   Int:       It affects your intelligence (-2).
   rC:        It makes you vulnerable to cold.
   MP:        It affects your magic capacity (+9).
   Will:      It greatly increases your willpower.
 P - the ring "Tuasat" {MP+9 Str+6}
   (You found it on level 6 of the Dungeon)

   [ring of strength]

   Str:       It affects your strength (+6).
   MP:        It affects your magic capacity (+9).
Wands
 o - a wand of acid (13)
 p - a wand of iceblast (37)
 v - a wand of digging (27)
 K - a wand of mindburst (28)
 S - a wand of flame (61)
 Y - a wand of polymorph (25)
 Z - a wand of paralysis (31)
Scrolls
 c - a scroll of blinking
 l - 6 scrolls of summoning
 r - a scroll of brand weapon
 s - a scroll of magic mapping
 t - 9 scrolls of fog
 u - 10 scrolls of teleportation
 L - 12 scrolls of fear
 T - 3 scrolls of silence
 U - a scroll of poison
Potions
 e - 19 potions of curing
 f - 4 potions of heal wounds
 g - 4 potions of resistance
 i - 8 potions of haste
 k - 5 potions of magic
 q - 2 potions of attraction
 x - 8 potions of invisibility
 z - 16 potions of mutation
 A - 9 potions of ambrosia
 C - 12 potions of brilliance
 H - 5 potions of cancellation
 W - 11 potions of might
 X - 2 potions of berserk rage
Miscellaneous
 I - a tin of tremorstones (2/2)
 N - a phial of floods
 Q - a phantom mirror (inert)
 R - a condenser vane (inert)
 V - a lightning rod (4/4)


   Skills:
 - Level 20.0 Fighting
 - Level 3.8 Long Blades
 + Level 21.3 Maces & Flails
 - Level 2.5 Throwing
 - Level 20.0 Armour
 - Level 20.0 Dodging
 - Level 15.5 Shields
 - Level 2.0 Spellcasting
 - Level 2.4 Translocations
 - Level 25.7 Invocations
 - Level 15.0 Evocations


You had 30 spell levels left.
You didn't know any spells.
Your spell library contained the following spells:

 Spells                   Type           Power      Damage    Failure   Level
 Apportation              Tloc           20%        N/A       65%         1
 Blink                    Tloc           20%        N/A       78%         2
 Freeze                   Ice            4%         1d3       92%         1
 Magic Dart               Conj           4%         1d3       92%         1
 Necrotise                Necr           4%         1d4       92%         1
 Summon Small Mammal      Summ           4%         N/A       92%         1
 Gell's Gravitas          Tloc           10%        N/A       95%         3
 Lesser Beckoning         Tloc           10%        N/A       95%         3
 Teleport Other           Tloc           10%        N/A       95%         3
 Call Imp                 Summ           1%         N/A       98%         2
 Ensorcelled Hibernation  Hex/Ice        2%         N/A       98%         2
 Passwall                 Tmut/Erth      0%         N/A       98%         2
 Searing Ray              Conj           2%         2d4       98%         2
 Static Discharge         Conj/Air       1%         3-4/arc   98%         2
 Sublimation of Blood     Necr           1%         N/A       98%         2
 Dazzling Flash           Conj/Hex       2%         N/A       100%        3
 Frozen Ramparts          Ice            2%         1d1       100%        3
 Inner Flame              Hex/Fire       1%         N/A       100%        3
 Mephitic Cloud           Conj/Pois/Air  1%         N/A       100%        3
 Ozocubu's Armour         Ice            1%         N/A       100%        3
 Spider Form              Tmut/Pois      1%         N/A       100%        3
 Summon Guardian Golem    Hex/Summ       1%         N/A       100%        3
 Swiftness                Air            1%         N/A       100%        3
 Vampiric Draining        Necr           1%         2d6       100%        3
 Anguish                  Hex/Necr       0%         N/A       100%        4
 Animate Armour           Summ/Erth      2%         N/A       100%        4
 Animate Dead             Necr           1%         N/A       100%        4
 Cause Fear               Hex            0%         N/A       100%        4
 Dispel Undead            Necr           1%         3d6       100%        4
 Fulminant Prism          Conj/Hex       0%         3d6       100%        4
 Hailstorm                Conj/Ice       1%         3d3       100%        4
 Ice Form                 Ice/Tmut       1%         N/A       100%        4
 Iskenderun's Mystic Bla  Conj/Tloc      6%         2d4       100%        4
 Leda's Liquefaction      Hex/Erth       0%         N/A       100%        4
 Olgreb's Toxic Radiance  Pois           1%         N/A       100%        4
 Petrify                  Tmut/Erth      1%         N/A       100%        4
 Sticky Flame             Conj/Fire      1%         2d3       100%        4
 Summon Ice Beast         Ice/Summ       1%         N/A       100%        4
 Agony                    Necr           1%         N/A       100%        5
 Alistair's Intoxication  Tmut/Pois      0%         N/A       100%        5
 Blade Hands              Tmut           0%         N/A       100%        5
 Borgnjor's Vile Clutch   Necr/Erth      0%         N/A       100%        5
 Irradiate                Conj/Tmut      0%         3d11      100%        5
 Lee's Rapid Deconstruct  Erth           0%         3d5*      100%        5
 Lightning Bolt           Conj/Air       0%         1d11      100%        5
 Manifold Assault         Tloc           10%        N/A       100%        5
 Metabolic Englaciation   Hex/Ice        0%         N/A       100%        5
 Silence                  Hex/Air        0%         N/A       100%        5
 Summon Forest            Summ/Tloc      3%         N/A       100%        5
 Conjure Ball Lightning   Conj/Air       0%         3x3d6     100%        6
 Death Channel            Necr           0%         N/A       100%        6
 Dispersal                Tloc           5%         N/A       100%        6
 Eringya's Noxious Bog    Tmut/Pois      0%         N/A       100%        6
 Iron Shot                Conj/Erth      0%         9d1       100%        6
 Simulacrum               Ice/Necr       0%         N/A       100%        6
 Starburst                Conj/Fire      0%         6d3       100%        6
 Statue Form              Tmut/Erth      0%         N/A       100%        6
 Dragon Form              Tmut           0%         N/A       100%        7
 Haunt                    Necr/Summ      0%         N/A       100%        7
 Malign Gateway           Summ/Tloc      3%         N/A       100%        7
 Orb of Destruction       Conj           0%         9d5       100%        7
 Ozocubu's Refrigeration  Ice            0%         4d7       100%        7
 Spellforged Servitor     Conj/Summ      0%         N/A       100%        7
 Storm Form               Tmut/Air       0%         N/A       100%        7
 Summon Hydra             Summ           0%         N/A       100%        7
 Borgnjor's Revivificati  Necr           0%         N/A       100%        8
 Discord                  Hex            0%         N/A       100%        8
 Disjunction              Tloc           5%         N/A       100%        8
 Ignition                 Fire           0%         3d3       100%        8
 Infestation              Necr           0%         N/A       100%        8
 Maxwell's Capacitive Co  Air            0%         ∞         100%        8
 Necromutation            Tmut/Necr      0%         N/A       100%        8
 Summon Horrible Things   Summ           0%         N/A       100%        8
 Death's Door             Necr           0%         N/A       100%        9
 Dragon's Call            Summ           0%         N/A       100%        9
 Fire Storm               Conj/Fire      0%         6d1       100%        9


Dungeon Overview and Level Annotations

Branches:
Dungeon (15/15)            Temple (0/1) D:7            Lair (5/5) D:8
 Shoals (4/4) Lair:3       Spider (4/4) Lair:3        Slime (0/5) Lair:4
    Orc (2/2) D:11            Elf (3/3) Orc:2        Vaults (5/5) D:14
  Crypt (3/3) Vaults:2       Tomb (0/3) Crypt:3      Depths (4/4) D:15
    Zot (4/5) Depths:4      Sewer (visited)         Gauntlet (visited)

Altars:
Ashenzari
Elyvilon
Fedhas
Gozag
Hepliaklqana
Kikubaaqudgha
Makhleb
Nemelex Xobeh
Okawaru
Qazlal
Uskayaw
Wu Jian
Xom
Yredelemnul
Zin
The Shining One

Shops:
D:6 ([   Orc:2 [=(?   Elf:1 =?   Elf:3 (   Shoals:3 (   Shoals:4 !
Vaults:4 !=   Depths:1 :==

Portals:
Hell: Depths:1 Depths:2 Depths:3 Depths:4
Abyss: Depths:2 Depths:3
Pandemonium: Depths:2
Ziggurat: Depths:1
Trove: Depths:1 (give +2 shadow dragon scales)

Annotations:
D:2 Sigmund
D:15 1 runed translucent door
Lair:4 1 runed translucent door
Elf:2 3 runed translucent doors
Depths:3 exclusion: upstairs
Zot:4 Vv


Innate Abilities, Weirdness & Mutations

You have a beak for a mouth.
You have claws for feet.
Your magical nature lets you fly swiftly and evasively.


Message History

Okay, then.
You feel yourself speed up.
The purple draconian shifter casts a spell at you.
The red draconian blinks into view!
Vv blinks!
The white draconian blinks into view!
Unknown command.
You feel very mighty all of a sudden.
Vv calls freezing cold from the walls.
The frost grips you! You partially resist.
* * * LOW HITPOINT WARNING * * *
You are encased in ice.
You block the red draconian's attack.
The white draconian hits you but does no damage.
Unknown command.
Unknown command.
Unknown command.
You barely miss Vv. You claw Vv. You peck Vv!
Vv is severely damaged.
The purple draconian shifter is no longer covered in acid.
You block Vv's attack. x2; The red draconian barely misses you.
The white draconian hits you with a +0 mace!
* * * LOW HITPOINT WARNING * * *
Unknown command.
Unknown command.
Unknown command.
Unknown command.
You hammer Vv like a gong!!! You claw Vv, but do no damage.
You peck Vv, but do no damage.
Vv is almost destroyed.
You hear a roar!
The purple draconian shifter gestures wildly while chanting.
The purple draconian shifter blinks!
The red draconian breathes fire at you. The searing blast hits you! You resist.
* * * LOW HITPOINT WARNING * * *
You block the white draconian's attack.
Vv calls freezing cold from the walls.
The frost grips you!!! You partially resist.
You die...
Fedhas appreciates your contribution to the ecosystem.

*#### ######## *#.!.# #q≈§...##
##....# *###..§.q..# #d.q..#***
......≈....# #@d..#,,,*
>...d##....#####§9.##,,,*********
........dd............,,,,,,,,,,,
#######q≈.####...######**********
.........)9..q..§......,,,,,,,,,,
.......<≈≈......:$.....,,,,,,,,,,
###....#.[.#######..###*,,,,,****
#....##.$!# *,,,..# *,,,,,*
###..*#...# *,,,,.# *,,,,,*


You could see Vv (corroded), a red draconian (catching breath), a white
draconian and 2 draconians.

Vanquished Creatures
  3 dread liches
  An ancient lich (Vaults:5)
  2 juggernauts (Depths:2)
  Saint Roka (Depths:1)
  A Killer Klown (Zot:3)
  Margery (Crypt:3)
  Xtahua (Vaults:5)
  A golden dragon (Vaults:4)
  Nikola (Shoals:1)
  A profane servitor (Crypt:3)
  A bone dragon (Crypt:3)
  A shard shrike zombie (Crypt:2)
  A hellephant (Abyss:4)
  Rupert (Spider:1)
  6 tentacled monstrosities (Vaults:5)
  3 titans
  10 liches
  2 deep elf master archers (Elf:3)
  A kraken (Shoals:2)
  9 sphinxes
  9 tengu reavers
  2 deep elf blademasters (Elf:3)
  4 death cobs
  2 Executioners
  8 tentacled starspawn
  14 ancient champions
  5 storm dragons
  A draconian monk (Zot:2)
  Ilsuiw (Shoals:2)
  2 revenants
  Donald (Elf:1)
  The ghost of AyAyRon the Bludgeoner, an adept DsFi of Yredelemnul (D:15)
  Roxanne (D:15)
  7 shadow dragons
  5 frost giants
  3 emperor scorpions
  An iron dragon (D:15)
  18 vault wardens
  10 fire giants
  Aizul (Spider:3)
  2 orc warlords
  11 deep elf sorcerers
  2 draconian scorchers
  A cacodemon (Abyss:4)
  3 curse skulls (Crypt:2)
  A draconian shifter (Depths:4)
  4 deep elf elementalists (Elf:3)
  7 ghost moths
  3 spriggan defenders
  9 ghouls
  23 ironbound preservers
  2 reapers
  3 war gargoyles
  31 very ugly things
  2 broodmothers
  An ophan (Abyss:4)
  3 draconian annihilators
  19 stone giants
  2 draconian stormcallers
  8 deep elf demonologists
  8 ironbound thunderhulks
  7 vampire knights
  A black draconian (Zot:2)
  4 green draconians
  5 entropy weavers
  3 purple draconians
  2 white draconians
  7 deep elf annihilators
  5 red draconians
  The ghost of Qoypruj the Cruncher, a journeyman MiGl of the Shining One (Lair:5)
  A minotaur (Gauntlet)
  An eleionoma (shapeshifter) (D:15)
  4 yellow draconians
  16 dire elephants
  11 spark wasps
  2 crystal guardians
  Snorg (D:12)
  15 ettins
  2 eidola (Crypt:3)
  8 merfolk impalers
  9 fire dragons
  5 deep elf death magi
  10 jiangshi
  12 merfolk javelineers
  7 deep elf high priests
  Josephine (D:12)
  A fenstrider witch zombie (Crypt:1)
  4 great orbs of eyes
  18 yaktaur captains
  6 rakshasas
  37 vault guards
  The ghost of corvin the Basher, a journeyman DgWn (D:11)
  7 hydras
  7 merfolk avatars
  A salamander tyrant (Depths:2)
  8 ice dragons
  3 hell beasts
  2 jorogumos (Spider:4)
  An anaconda (shapeshifter) (Vaults:5)
  6 boulder beetles
  7 ironbound frosthearts
  3 ogre magi (Vaults:5)
  4 peacekeepers
  13 centaur warriors
  7 two-headed ogres
  2 radroaches
  A naga warrior (D:11)
  A spriggan skeleton (Crypt:3)
  10 spriggan air magi
  3 alligator snapping turtles
  4 catoblepae
  7 deep troll earth magi
  6 deep troll shamans
  A satyr (Shoals:2)
  9 merfolk aquamancers
  25 dancing weapons
  An Orb Guardian skeleton (Crypt:3)
  15 death yaks
  3 death knights
  A death scarab (Crypt:1)
  3 hell hogs
  6 tengu warriors
  5 orc high priests
  6 vampire magi
  27 hell knights
  9 spriggan berserkers
  The ghost of agentgt the Grappler, a novice CeCK of Xom (D:11)
  13 thrashing horrors
  A titan zombie (Depths:1)
  3 soul eaters
  Nergalle (Lair:3)
  16 deep elf knights
  A wretched star (Abyss:4)
  A fire crab (Lair:5)
  4 sun demons
  10 pharaoh ants
  A sea snake (shapeshifter) (Depths:3)
  An iron giant zombie (Crypt:2)
  2 sixfirhies (Abyss:4)
  5 iron trolls
  A salamander mystic (Depths:4)
  7 shadow wraiths
  A spatial maelstrom (Abyss:4)
  A sun moth (Spider:4)
  2 golden dragon zombies
  A fire crab (shapeshifter) (Elf:3)
  48 skeletal warriors
  A swamp dragon (shapeshifter) (D:15)
  20 ironbound convokers
  4 flayed ghosts
  6 glowing orange brains
  69 deep trolls
  18 sea snakes
  3 bog bodies
  7 steelbarb worms
  An orange crystal statue (Elf:1)
  12 orb spiders
  11 lindwurms
  A shadow dragon zombie (Depths:3)
  A lindwurm (shapeshifter) (Depths:3)
  13 phantasmal warriors
  15 wizards
  2 golden dragon skeletons (Depths:3)
  50 harpies
  14 necromancers
  13 orc knights
  10 deep elf archers
  3 orc sorcerers
  55 ugly things
  5 fauns (Shoals:1)
  21 deep elf pyromancers
  25 deep elf zephyrmancers
  23 wolf spiders
  6 cyclopes
  17 manticores
  A will-o-the-wisp (Abyss:4)
  8 salamanders
  A sphinx skeleton (Depths:3)
  A moth of wrath (shapeshifter) (Vaults:5)
  2 worldbinders
  9 moths of wrath
  17 elephants
  A centaur zombie (Abyss:3)
  10 merfolk sirens
  A guardian serpent (shapeshifter) (Elf:1)
  19 vault sentinels
  An iron dragon skeleton (Crypt:1)
  5 torpor snails
  7 water nymphs
  13 cane toads
  A stone giant skeleton (Crypt:3)
  Joseph (D:8)
  10 smoke demons
  8 black mambas
  2 orange demons (Abyss:4)
  A dire elephant skeleton (Abyss:4)
  An unseen horror (shapeshifter) (Vaults:5)
  3 freezing wraiths
  37 yaktaurs
  A tormentor (Abyss:4)
  2 unseen horrors
  3 kobold demonologists
  8 komodo dragons
  8 demonic crawlers
  An efreet (D:14)
  An ice devil (Abyss:3)
  4 tengu conjurers
  An ancient zyme (Abyss:4)
  2 hydra zombies
  A guardian mummy (Crypt:3)
  5 trolls
  6 wind drakes
  35 merfolk
  A wind drake (shapeshifter) (Abyss:4)
  3 polar bears
  An iron troll skeleton (Crypt:1)
  4 meliai
  A hydra skeleton (Crypt:3)
  A raiju (shapeshifter) (Abyss:4)
  12 hornets
  A hornet (shapeshifter) (Vaults:4)
  4 snapping turtles
  44 blink frogs
  12 raiju
  34 tarantellas
  A frost giant simulacrum (Depths:1)
  A dream sheep (shapeshifter) (Depths:3)
  9 dream sheep
  A fire dragon zombie (Crypt:3)
  31 slime creatures
  A stone giant simulacrum (Depths:1)
  A black mamba zombie (Crypt:1)
  15 jumping spiders
  17 culicivoras
  An ettin skeleton (Abyss:3)
  6 ynoxinuls
  3 air elementals
  4 flying skulls (Abyss:4)
  8 vampires
  8 spriggans
  4 wyverns
  18 water elementals
  4 fire bats (Depths:2)
  4 shadows (Gauntlet)
  49 yaks
  20 wraiths
  A basilisk (shapeshifter) (Elf:2)
  2 basilisks (Lair:3)
  3 neqoxecs (Abyss:4)
  42 redbacks
  A wind drake skeleton (Crypt:1)
  A redback simulacrum (D:14)
  5 vampire mosquitoes
  2 chaos spawn (Abyss:3)
  7 wargs
  A fire bat zombie (Crypt:3)
  A steam dragon (Lair:1)
  A harpy simulacrum (Abyss:4)
  Edmund (D:4)
  A spatial vortex (Abyss:4)
  A naga zombie (Crypt:3)
  10 water moccasins
  4 acid dragons
  A cane toad zombie (Crypt:1)
  A faun skeleton (Crypt:1)
  2 ice beasts (D:8)
  18 large abominations
  26 orc warriors
  A meliai simulacrum (D:15)
  A sky beast (D:7)
  An ice beast (shapeshifter) (Abyss:4)
  A manticore zombie (Crypt:1)
  2 black bears
  8 ogres
  A floating eye zombie (Crypt:2)
  18 wolves
  A blink frog skeleton (Crypt:3)
  16 centaurs
  6 kobold brigands
  A fire crab zombie (Crypt:2)
  3 phantoms
  14 bullfrogs
  An earth elemental (Elf:1)
  3 necrophages
  14 small abominations
  3 scorpions
  A gnoll sergeant (D:8)
  3 wights
  A queen bee zombie (Crypt:2)
  A floating eye simulacrum (Depths:1)
  14 killer bees
  5 howler monkeys
  3 electric eels
  A wolf skeleton (Crypt:1)
  3 hounds
  26 orc priests
  30 starcursed masses
  3 jellies
  2 iron imps (Abyss:3)
  An iguana (D:6)
  A gnoll bouda (D:7)
  Natasha (D:2)
  28 orc wizards
  A boggart skeleton (Crypt:3)
  An ogre zombie (Crypt:3)
  3 naga skeletons
  A tengu skeleton (Crypt:2)
  12 mummies (Crypt:3)
  A howler monkey zombie (Crypt:1)
  17 gnolls
  10 adders
  3 river rats (Sewer)
  3 shadow imps
  2 white imps (D:7)
  An ufetubus (D:7)
  A worm zombie (Crypt:3)
  3 worms
  A dart slug (D:3)
  80 orcs
  3 bats
  4 endoplasms (D:1)
  6 giant cockroaches
  17 goblins
  9 hobgoblins
  6 jackals
  31 kobolds
  9 quokkas
  9 ball pythons
  9 frilled lizards
  A goblin skeleton (Crypt:2)
  A kobold skeleton (Crypt:2)
  12 rats
  A river rat skeleton (Crypt:1)
  A spectral hobgoblin (D:13)
  2 butterflies (D:7)
  A lurking horror (Abyss:3)
  4 starspawn tentacles
  5 tentacles (Shoals:2)
2441 creatures vanquished.

Vanquished Creatures (collateral kills)
  A draconian annihilator (Zot:4)
  A white draconian (Zot:4)
2 creatures vanquished.

Vanquished Creatures (others)
  A bone dragon (Abyss:4)
  A tentacled starspawn (Abyss:4)
  8 starflowers (Abyss:4)
  A shambling mangrove (Abyss:4)
  A thrashing horror (Abyss:4)
  A wretched star (Abyss:4)
  A steelbarb worm (Spider:1)
  A lindwurm (Vaults:2)
  A wizard (Depths:2)
  An orange crystal statue (Vaults:4)
  An ugly thing (Depths:1)
  A deep elf pyromancer (Elf:2)
  4 oklob plants (Abyss:4)
  A black mamba (Lair:1)
  An apocalypse crab (Abyss:4)
  A hellwing (Abyss:4)
  A merfolk (Shoals:1)
  A harpy skeleton (Abyss:4)
  A jumping spider (Spider:2)
  3 flying skulls (Abyss:4)
  A ynoxinul (Abyss:4)
  6 starcursed masses (Abyss:4)
  3 golden eyes (Abyss:4)
  3 spatial vortices (Abyss:4)
  3 small abominations (Abyss:4)
  A howler monkey (D:14)
  A white imp (Abyss:4)
  A bush (Lair:2)
  8 demonic plants
  A fire vortex (Lair:3)
  4 foxfires (Abyss:4)
  33 fungi
  A lurking horror (Abyss:4)
  107 plants
  17 starspawn tentacles
  14 tentacles (Shoals:2)
236 creatures vanquished.

Grand Total: 2679 creatures vanquished

Notes
Turn   | Place    | Note
-------+----------+-------------------------------------------
     0 | D:1      | SnakkuSnakku7 the Tengu Warper began the quest for the Orb.
     0 | D:1      | Reached XP level 1. HP: 12/12 MP: 4/4
   103 | D:1      | Reached XP level 2. HP: 17/17 MP: 6/6
   545 | D:1      | Reached XP level 3. HP: 16/21 MP: 7/7
  1267 | D:2      | Found a glowing golden altar of the Shining One.
  1635 | D:2      | Noticed Sigmund
  2604 | D:3      | Reached XP level 4. HP: 27/27 MP: 8/8
  2605 | D:3      | Noticed Natasha
  2623 | D:2      | Killed Natasha
  2985 | D:3      | Gained mutation: Your magical nature lets you fly swiftly
                  | and evasively. [Tengu growth]
  2985 | D:3      | Reached XP level 5. HP: 29/33 MP: 6/9
  3488 | D:3      | Reached skill level 5 in Fighting
  3835 | D:2      | Reached XP level 6. HP: 33/40 MP: 8/10
  4351 | D:4      | Found a glowing drain.
  4373 | Sewer    | Entered a sewer
  4795 | D:4      | Noticed Edmund
  4821 | D:4      | Killed Edmund
  4822 | D:4      | Reached XP level 7. HP: 22/48 MP: 7/11
  5140 | D:4      | Reached skill level 1 in Maces & Flails
  5341 | D:5      | Entered Level 5 of the Dungeon
  5809 | D:5      | Reached skill level 5 in Maces & Flails
  5809 | D:5      | Reached XP level 8. HP: 40/53 MP: 8/12
  5890 | D:5      | Found a blossoming altar of Fedhas.
  5900 | D:5      | Found a broken altar of Ashenzari.
  6134 | D:5      | Became a worshipper of Fedhas Madash
  6274 | D:5      | Found a glowing silver altar of Zin.
  6275 | D:5      | Found an opulent altar of Gozag.
  6908 | D:6      | Found an iron altar of Okawaru.
  6946 | D:6      | Found Akewkir's Weapon Shop.
  7113 | D:6      | Found a white marble altar of Elyvilon.
  7149 | D:6      | Identified the +2 chain mail "Uqarghuaq" {Fly}
  7331 | D:6      | Identified the ring "Tuasat" {MP+9 Str+6}
  7485 | D:6      | Found Velunloa's Armour Emporium.
  7506 | D:6      | Reached XP level 9. HP: 38/57 MP: 13/13
  7509 | D:6      | Reached * piety under Fedhas
  7804 | D:7      | Found a staircase to the Ecumenical Temple.
  7943 | D:7      | Reached skill level 10 in Maces & Flails
  8030 | D:7      | Reached ** piety under Fedhas
  8291 | D:7      | Noticed a manticore
  8317 | D:7      | Killed a manticore
  8613 | D:7      | Reached XP level 10. HP: 63/63 MP: 14/14
  8773 | D:8      | Noticed Joseph
  8795 | D:8      | Killed Joseph
  9247 | D:8      | Noticed a death yak
  9257 | D:8      | Noticed a death yak
  9272 | D:8      | Killed a death yak
  9452 | D:8      | Reached *** piety under Fedhas
  9501 | D:8      | Noticed a death yak
  9526 | D:8      | Killed a death yak
  9531 | D:8      | Killed a death yak
  9541 | D:8      | Reached XP level 11. HP: 30/72 MP: 8/15
  9807 | D:8      | Found a staircase to the Lair.
  9868 | D:8      | Reached skill level 10 in Fighting
  9882 | D:8      | Reached skill level 1 in Invocations
  9983 | D:8      | Found an ornate altar of the Wu Jian Council.
  9983 | D:8      | Found a stormy altar of Qazlal.
 10081 | D:9      | Reached skill level 2 in Invocations
 10127 | D:9      | Reached skill level 3 in Invocations
 10367 | D:9      | Reached skill level 4 in Invocations
 10465 | D:10     | Entered Level 10 of the Dungeon
 10621 | D:9      | Reached **** piety under Fedhas
 10897 | D:9      | Reached skill level 5 in Invocations
 11145 | D:9      | Noticed a deep elf pyromancer
 11145 | D:9      | Noticed a two-headed ogre
 11180 | D:9      | Killed a two-headed ogre
 11181 | D:9      | Reached skill level 6 in Invocations
 11220 | D:9      | Killed a deep elf pyromancer
 11461 | D:10     | Found a burning altar of Makhleb.
 11461 | D:10     | Noticed an Executioner
 11461 | D:10     | Noticed a two-headed ogre
 11474 | D:10     | Killed a two-headed ogre
 11475 | D:10     | Reached skill level 7 in Invocations
 11727 | D:10     | Found a hide-covered altar of Uskayaw.
 11757 | D:10     | Noticed a soul eater
 11816 | D:10     | Found a shimmering altar of Xom.
 11886 | D:10     | Reached skill level 8 in Invocations
 11893 | D:10     | Reached skill level 1 in Shields
 12612 | D:11     | Noticed a two-headed ogre
 12627 | D:11     | Killed a two-headed ogre
 12628 | D:11     | Reached XP level 12. HP: 66/77 MP: 19/19
 12678 | D:11     | Found a staircase to the Orcish Mines.
 12695 | D:11     | Noticed a two-headed ogre
 12707 | D:11     | Killed a two-headed ogre
 12752 | D:11     | Reached ***** piety under Fedhas
 12820 | D:11     | Found a large runed translucent door.
 12820 | D:11     | Found a large runed translucent door.
 12825 | D:11     | Noticed agentgt's ghost (novice CeCK)
 12996 | D:11     | Killed agentgt's ghost
 13032 | D:12     | Noticed a tengu warrior
 13032 | D:12     | Noticed a tengu warrior
 13032 | D:12     | Noticed a tengu warrior
 13032 | D:12     | Noticed a naga warrior
 13032 | D:12     | Found a runed translucent gate.
 13032 | D:12     | Found a runed translucent gate.
 13032 | D:12     | Found a runed translucent gate.
 13127 | Lair:1   | Entered Level 1 of the Lair of Beasts
 13186 | Lair:1   | Noticed a boulder beetle
 13379 | D:8      | Reached skill level 5 in Evocations
 13465 | Lair:1   | Killed a boulder beetle
 13506 | Lair:1   | Identified the amulet "Hoes Lil" {Harm Regen+ rCorr Str-2
                  | Int+6}
 14023 | Lair:1   | Noticed a death yak
 14026 | Lair:1   | Noticed a death yak
 14027 | Lair:1   | Noticed a death yak
 14083 | Lair:1   | Killed a death yak
 14088 | Lair:1   | Killed a death yak
 14115 | Lair:1   | Reached skill level 15 in Maces & Flails
 14180 | Lair:1   | Killed a death yak
 15886 | Lair:2   | Reached XP level 13. HP: 79/82 MP: 20/20
 16139 | Lair:2   | Reached skill level 5 in Dodging
 16666 | Lair:3   | Found a gate leading to a gauntlet.
 16687 | Gauntlet | Entered a Gauntlet
 16687 | Gauntlet | Found a transporter.
 16687 | Gauntlet | Found a transporter.
 16692 | Gauntlet | Found a transporter.
 16719 | Gauntlet | Found a transporter.
 16724 | Gauntlet | Found a transporter.
 16724 | Gauntlet | Found a transporter.
 16725 | Gauntlet | Noticed a cacodemon
 16727 | Gauntlet | Found a transporter.
 16758 | Gauntlet | Found a transporter.
 16758 | Gauntlet | Found the ring of Shadows {Umbra +Inv Stlth+}
 16768 | Gauntlet | Found a transporter.
 16793 | Gauntlet | Found a transporter.
 16808 | Gauntlet | Found a transporter.
 16820 | Gauntlet | Noticed a blizzard demon
 16823 | Gauntlet | Found a transporter.
 16911 | Gauntlet | Found a transporter.
 16921 | Gauntlet | Found a transporter.
 16936 | Gauntlet | Found a transporter.
 16949 | Gauntlet | Found a transporter.
 17280 | Gauntlet | Identified the +1 pair of gloves of the Lusting Gods {rPois
                  | rC- Int+4}
 17322 | Gauntlet | Noticed a minotaur
 17327 | Gauntlet | Killed a minotaur
 17443 | Lair:3   | Found a hole to the Spider Nest.
 17921 | Lair:3   | Noticed Nergalle
 17997 | Lair:3   | Killed Nergalle
 18314 | Lair:3   | Found a staircase to the Shoals.
 18722 | Lair:4   | Reached skill level 10 in Dodging
 18841 | Lair:4   | Reached skill level 5 in Armour
 19234 | Lair:4   | Reached XP level 14. HP: 56/88 MP: 21/21
 19372 | Lair:4   | Reached ****** piety under Fedhas
 19395 | Lair:4   | Found a runed translucent door.
 19397 | Lair:4   | Found a staircase to the Slime Pits.
 19617 | Lair:5   | Entered Level 5 of the Lair of Beasts
 19617 | Lair:5   | Found a runed translucent gate.
 19617 | Lair:5   | Found a runed translucent gate.
 19625 | Lair:5   | Noticed Qoypruj's ghost (journeyman MiGl)
 19677 | Lair:5   | Found a runed translucent gate.
 19878 | Lair:5   | Reached skill level 10 in Armour
 20412 | Lair:5   | Reached skill level 9 in Invocations
 21296 | Lair:5   | Reached skill level 10 in Invocations
 21331 | Lair:5   | Killed Qoypruj's ghost
 21658 | Lair:5   | Reached XP level 15. HP: 82/92 MP: 24/24
 21673 | Lair:5   | Reached skill level 11 in Invocations
 22108 | Orc:1    | Entered Level 1 of the Orcish Mines
 22128 | Orc:1    | Found an ornate altar of the Wu Jian Council.
 22128 | Orc:1    | Found a transporter.
 22138 | Orc:1    | Found a transporter.
 22168 | Orc:1    | Found a transporter.
 22169 | Orc:1    | Found an ornate altar of the Wu Jian Council.
 22169 | Orc:1    | Noticed an orc warlord
 22229 | Orc:1    | Found a transporter.
 22554 | Orc:1    | Killed an orc warlord
 22615 | Orc:2    | Entered Level 2 of the Orcish Mines
 22915 | Orc:2    | Reached skill level 12 in Invocations
 23324 | Orc:2    | Reached skill level 5 in Shields
 23720 | Orc:2    | Found a staircase to the Elven Halls.
 23834 | Orc:2    | Found Saijixiu's Jewellery Emporium.
 23834 | Orc:2    | Found Ikelisuf's Armour Emporium.
 23835 | Orc:2    | Found Firunong's Weapon Shoppe.
 23838 | Orc:2    | Found Hoachev's Magic Scroll Shoppe.
 23843 | Orc:2    | Bought the +11 plate armour of the Armoured One {rElec rN+}
                  | for 1250 gold pieces
 23845 | Orc:2    | Bought a scroll of enchant weapon for 105 gold pieces
 23845 | Orc:2    | Bought a scroll of blinking for 105 gold pieces
 23845 | Orc:2    | Bought a scroll of fog for 56 gold pieces
 23845 | Orc:2    | Bought a scroll of fear for 56 gold pieces
 23845 | Orc:2    | Bought a scroll of identify for 28 gold pieces
 24509 | D:12     | Noticed Josephine
 24530 | D:12     | Killed Josephine
 24626 | D:12     | Noticed Snorg
 24950 | D:12     | Found an iron altar of Okawaru.
 24950 | D:12     | Identified the +3 leather armour "Waicvuud" {rF+ rN+ Will+
                  | Str+4}
 24950 | D:12     | Noticed corvin's ghost (journeyman DgWn)
 25273 | D:11     | Killed corvin's ghost
 26170 | D:12     | Identified a scroll of acquirement
 26440 | D:12     | Killed Snorg
 26619 | D:13     | Found a hazy altar of Hepliaklqana.
 27759 | D:14     | Found a gate to the Vaults.
 27767 | D:14     | Reached XP level 16. HP: 95/101 MP: 26/26
 28216 | D:15     | Entered Level 15 of the Dungeon
 28216 | D:15     | Identified Roxanne's Almanac of Forms
 28216 | D:15     | Noticed Roxanne
 29229 | D:15     | Noticed AyAyRon's ghost (adept DsFi)
 29232 | D:15     | Noticed a lich
 29318 | D:15     | Found a runed translucent door.
 29331 | D:15     | Found a runed translucent door.
 29597 | D:15     | Acquired a +2 demon whip of venom
 29598 | D:15     | Acquired a manual of Dodging
 30104 | Orc:2    | Bought a scroll of acquirement for 728 gold pieces
 30105 | Orc:2    | Acquired 1016 gold pieces
 30289 | Spider:1 | Entered Level 1 of the Spider Nest
 31123 | Spider:1 | Reached skill level 15 in Fighting
 31476 | Spider:1 | Noticed Rupert
 31496 | Spider:1 | Paralysed by Rupert for 4 turns
 31786 | Spider:1 | Paralysed by Rupert for 4 turns
 31792 | Spider:1 | Killed Rupert
 32630 | Spider:2 | Reached XP level 17. HP: 110/113 MP: 27/27
 32749 | Spider:2 | Reached skill level 15 in Dodging
 33629 | Spider:3 | Noticed Aizul
 34177 | Spider:3 | Killed Aizul
 34944 | Spider:4 | Entered Level 4 of the Spider Nest
 34989 | Spider:3 | HP: 5/113 [poisoned by a redback]
 37726 | Spider:4 | Identified the +2 hat "Pushrod" {Rampage rPois Will-}
 37728 | Spider:4 | Got a gossamer rune of Zot
 38001 | Spider:4 | Reached XP level 18. HP: 120/124 MP: 28/28
 38009 | Spider:4 | Got the Incunabulum of Translocation and Putrescence
 38363 | Shoals:1 | Entered Level 1 of the Shoals
 38633 | Shoals:1 | Noticed Nikola
 38653 | Shoals:1 | Killed Nikola
 39381 | Shoals:1 | Identified the +0 short sword "Desecoxt" {vorpal, rC+
                  | Str+2}
 40818 | Shoals:2 | Noticed Ilsuiw
 41307 | Shoals:2 | Killed Ilsuiw
 43439 | Shoals:3 | Found Majoul's Weapon Emporium.
 43558 | Shoals:4 | Entered Level 4 of the Shoals
 43905 | Shoals:4 | Reached XP level 19. HP: 105/135 MP: 29/29
 45069 | Shoals:4 | Identified the +8 whip "Wainot" {flame, Fragile Fly rPois
                  | Dex+4}
 45212 | Shoals:4 | Got a barnacled rune of Zot
 45241 | Shoals:4 | Found Uvepnump's Distillery.
 45271 | Shoals:4 | Bought a potion of ambrosia for 88 gold pieces
 45271 | Shoals:4 | Bought a potion of mutation for 88 gold pieces
 45271 | Shoals:4 | Bought a potion of heal wounds for 55 gold pieces
 45271 | Shoals:4 | Bought a potion of invisibility for 88 gold pieces
 45679 | Shoals:4 | Got the Papyrus of the Undead
 46010 | Vaults:1 | Entered Level 1 of the Vaults
 46055 | Vaults:1 | Reached skill level 15 in Armour
 46611 | Vaults:1 | Reached XP level 20. HP: 101/140 MP: 30/30
 46916 | Vaults:1 | Identified the +0 ring mail "Nihop" {Will+}
 50357 | Vaults:2 | Found a staircase to the Crypt.
 50357 | Vaults:2 | Found an ancient bone altar of Kikubaaqudgha.
 50371 | Vaults:2 | Found a basalt altar of Yredelemnul.
 50530 | Vaults:2 | Reached XP level 21. HP: 111/146 MP: 31/31
 53172 | Vaults:4 | Reached skill level 13 in Invocations
 53466 | Vaults:4 | Paralysed by a sphinx for 4 turns
 53540 | Vaults:4 | Paralysed by a great orb of eyes for 4 turns
 53805 | Vaults:4 | Reached skill level 14 in Invocations
 53905 | Vaults:4 | Found Yrhul's Jewellery Boutique.
 53928 | Vaults:4 | Bought the ring "Xeetyeb" {rC- Will++ MP+9 Str+6 Int-2} for
                  | 1358 gold pieces
 54487 | Vaults:4 | Found Estraum's Distillery.
 54521 | Vaults:4 | Bought a potion of might for 64 gold pieces
 54521 | Vaults:4 | Bought a potion of haste for 160 gold pieces
 54521 | Vaults:4 | Bought a potion of haste for 160 gold pieces
 54521 | Vaults:4 | Bought a potion of haste for 160 gold pieces
 55155 | Vaults:4 | Found a transporter.
 55157 | Vaults:4 | Noticed a golden dragon
 55164 | Vaults:4 | Found a transporter.
 55260 | Vaults:4 | Reached XP level 22. HP: 152/152 MP: 34/34
 55277 | Vaults:4 | Reached skill level 15 in Invocations
 55950 | Vaults:4 | Killed a golden dragon
 56274 | Vaults:5 | Entered Level 5 of the Vaults
 56276 | Vaults:5 | Noticed a dread lich
 56416 | Crypt:1  | Entered Level 1 of the Crypt
 56588 | Crypt:1  | Found a basalt altar of Yredelemnul.
 56743 | Crypt:1  | Reached skill level 16 in Invocations
 56827 | Crypt:1  | Acquired the +6 eveningstar "Higab" {vamp, rPois Str+6}
 56830 | Crypt:1  | Acquired a manual of Shields
 57397 | Crypt:2  | Reached skill level 10 in Shields
 57681 | Crypt:2  | Paralysed by something for 3 turns
 58808 | Crypt:3  | Entered Level 3 of the Crypt
 58910 | Crypt:3  | Noticed Margery
 58942 | Crypt:3  | Killed Margery
 59008 | Crypt:3  | Reached skill level 15 in Shields
 60394 | Crypt:2  | Reached XP level 23. HP: 156/156 MP: 36/36
 61697 | Crypt:3  | Reached skill level 17 in Invocations
 61797 | Crypt:3  | Found a staircase to the Tomb.
 62301 | Crypt:3  | Found a basalt altar of Yredelemnul.
 62308 | Crypt:3  | Found an ancient bone altar of Kikubaaqudgha.
 63032 | D:15     | Killed Roxanne
 63153 | D:15     | Found a staircase to the Depths.
 63239 | D:15     | Killed AyAyRon's ghost
 63258 | D:15     | Reached skill level 18 in Invocations
 63362 | Depths:1 | Entered Level 1 of the Depths
 63362 | Depths:1 | Found a one-way gateway to a ziggurat.
 63412 | Depths:1 | Found a portal to a secret trove of treasure.
 63503 | Depths:1 | Found Unui's Book Emporium.
 63503 | Depths:1 | Found Nuudwog's Jewellery Boutique.
 63505 | Depths:1 | Found Sexzibbee's Jewellery Boutique.
 63652 | Depths:1 | Found a gateway to Hell.
 63831 | Depths:1 | Identified the ring "Neehiola" {rPois rC+ Str+6 Slay+2}
 63871 | Depths:1 | Noticed Saint Roka
 63891 | Depths:1 | Killed Saint Roka
 63892 | Depths:1 | Reached skill level 19 in Invocations
 64067 | Depths:1 | Found a blossoming altar of Fedhas.
 64158 | Depths:1 | Found a sparkling altar of Nemelex Xobeh.
 64237 | Depths:2 | Found a one-way gate leading to the halls of Pandemonium.
 64722 | Depths:2 | Reached XP level 24. HP: 163/163 MP: 37/37
 64807 | Depths:2 | Noticed a juggernaut
 64838 | Depths:2 | Killed a juggernaut
 64846 | Depths:2 | Reached skill level 20 in Invocations
 64935 | Depths:2 | Identified the amulet "Ninune" {RegenMP rF+ rN+ SInv
                  | Stlth+}
 65165 | Depths:2 | Identified the +0 chain mail of Coin {Harm}
 65300 | Abyss:3  | Cast into level 3 of the Abyss (a wizard)
 65495 | Abyss:3  | Paralysed by accursed screaming for 1 turns
 65502 | Abyss:3  | Paralysed by accursed screaming for 1 turns
 65630 | Abyss:3  | Reached skill level 10 in Evocations
 65724 | Depths:2 | Escaped the Abyss
 65772 | Depths:2 | Found a one-way gate to the infinite horrors of the Abyss.
 65824 | Depths:2 | Noticed a juggernaut
 65834 | Depths:2 | Killed a juggernaut
 66939 | Depths:2 | Identified the +5 quarterstaff of the Unseen Realm {freeze,
                  | rF- rC++ Int+5}
 66978 | Depths:4 | Entered Level 4 of the Depths
 67090 | Depths:4 | Reached XP level 25. HP: 168/168 MP: 23/38
 67095 | Depths:4 | Found a gate to the Realm of Zot.
 67156 | Depths:4 | Found a broken altar of Ashenzari.
 67196 | Depths:4 | Found a gateway to a bazaar.
 67414 | Depths:4 | Reached skill level 15 in Evocations
 67653 | Depths:4 | Reached skill level 21 in Invocations
 67710 | Depths:4 | Identified the +8 whip of Bread {pain, rC++ Str+2}
 68067 | Bazaar   | Entered a bazaar
 68074 | Bazaar   | Found Jamaih's Distillery.
 68074 | Bazaar   | Found Utuof's Assorted Antiques.
 68093 | Bazaar   | Found Titsoapp's Magic Scroll Shop.
 68100 | Bazaar   | Found Ryrentio's Weapon Boutique.
 68142 | Bazaar   | Bought a potion of heal wounds for 70 gold pieces
 68142 | Bazaar   | Bought a potion of curing for 42 gold pieces
 68142 | Bazaar   | Bought a potion of mutation for 112 gold pieces
 68142 | Bazaar   | Bought a potion of mutation for 112 gold pieces
 68155 | Bazaar   | Bought a scroll of magic mapping for 75 gold pieces
 68155 | Bazaar   | Bought a scroll of teleportation for 30 gold pieces
 68155 | Bazaar   | Bought a scroll of blinking for 75 gold pieces
 68155 | Bazaar   | Bought a scroll of enchant armour for 75 gold pieces
 68155 | Bazaar   | Bought a scroll of fog for 40 gold pieces
 68467 | Elf:1    | Entered Level 1 of the Elven Halls
 68505 | Elf:1    | Paralysed by an air elemental for 1 turns
 68577 | Elf:1    | Found Cihiajo's Magic Scroll Boutique.
 68584 | Elf:1    | Bought a scroll of magic mapping for 142 gold pieces
 68584 | Elf:1    | Bought a scroll of teleportation for 57 gold pieces
 68584 | Elf:1    | Bought a scroll of enchant armour for 142 gold pieces
 68584 | Elf:1    | Bought a scroll of teleportation for 57 gold pieces
 68584 | Elf:1    | Bought a scroll of fear for 76 gold pieces
 68603 | Elf:1    | Found Okkosiyl's Jewellery Shop.
 68722 | Elf:1    | Noticed Donald
 68735 | Elf:1    | Killed Donald
 69178 | Elf:1    | Paralysed by an air elemental for 1 turns
 69350 | Elf:2    | Paralysed by an air elemental for 1 turns
 69358 | Elf:2    | Paralysed by an air elemental for 1 turns
 69583 | Elf:2    | Reached skill level 22 in Invocations
 69864 | Elf:2    | Found a runed translucent gate.
 69865 | Elf:2    | Found a runed translucent gate.
 69865 | Elf:2    | Found a runed translucent gate.
 69918 | Elf:2    | Found a runed translucent door.
 70232 | Elf:3    | Entered Level 3 of the Elven Halls
 70607 | Elf:3    | Found Red Aqeu's Weapon Shoppe.
 71117 | Elf:3    | Reached XP level 26. HP: 174/174 MP: 39/39
 71123 | Elf:3    | Identified the +1 plate armour of the Dungeon {rElec Will-
                  | rCorr}
 71141 | Elf:3    | Reached skill level 23 in Invocations
 71141 | Elf:3    | Identified the +3 glaive of Light {speed, rC+ Dex+4}
 71141 | Abyss:4  | Cast into level 4 of the Abyss (a deep elf sorcerer)
 71566 | Abyss:4  | Noticed a dread lich
 71641 | Abyss:4  | Found a corrupted altar of Lugonu.
 71864 | Elf:3    | Escaped the Abyss
 71912 | Elf:3    | Identified the +8 great mace of Zutuchor {flame, Contam
                  | +Blink rN++ MP+9}
 71933 | Elf:3    | Identified the ring "Fonig" {Ice Will+ rCorr Stlth-}
 72095 | Elf:3    | Got the Almanac of Orientation and Snow
 72096 | Elf:3    | Identified the ring "Narix" {+Blink rPois Str+6 Dex+6}
 72121 | Elf:3    | Identified the +9 dagger "Ymeamaim" {vorpal, Str+4 Dex+4
                  | Stlth+}
 72123 | Abyss:4  | Cast into level 4 of the Abyss (a deep elf demonologist)
 72211 | Abyss:4  | Noticed a dread lich
 72218 | Abyss:4  | Reached skill level 24 in Invocations
 72224 | Abyss:4  | Killed a dread lich
 72576 | Elf:3    | Escaped the Abyss
 73038 | Vaults:5 | Noticed a dread lich
 73103 | Vaults:5 | Paralysed by a dread lich for 4 turns
 73117 | Vaults:5 | Paralysed by something for 3 turns
 73127 | Vaults:5 | Killed a dread lich
 73130 | Vaults:5 | Paralysed by a dread lich for 5 turns
 73142 | Vaults:5 | Paralysed by something for 3 turns
 73146 | Vaults:5 | Killed a dread lich
 73201 | Vaults:5 | Reached skill level 25 in Invocations
 73429 | Vaults:5 | Noticed an ancient lich
 73442 | Vaults:5 | Killed an ancient lich
 73475 | Vaults:5 | Reached XP level 27. HP: 136/173 MP: 24/40
 73508 | Vaults:5 | Paralysed by something for 4 turns
 73915 | Vaults:5 | Got a silver rune of Zot
 73922 | Vaults:5 | Noticed Xtahua
 73934 | Vaults:5 | Paralysed by Xtahua for 2 turns
 73938 | Vaults:5 | Killed Xtahua
 73981 | Vaults:5 | Identified the +0 ring mail of Okawaru, Writhing {Fly Will+
                  | Stlth-}
 74023 | Vaults:5 | Got Joefoneu's Papyrus of Heat
 74589 | Vaults:5 | Found the +3 crown of Dyrovepreva {rElec Int+2 SInv}
 74595 | Vaults:5 | Identified the +0 dagger "Goblinslayer" {antimagic, Fly
                  | Dex+2}
 75022 | Zot:1    | Entered Level 1 of the Realm of Zot
 75314 | Zot:4    | Noticed Vv
 75338 | Zot:4    | Killed from afar by Vv

Illustrated notes

Levels and vault maps discovered:
D:1:      dpeg_arrival_rhombus, layout_basic, serial_forest,
          infiniplex_forest_straight_4, infiniplex_forest_lined_room_3,
          infiniplex_forest_clump_medium, infiniplex_forest_lined_room_2,
          infiniplex_forest_lined_2, infiniplex_forest_end_3,
          infiniplex_forest_straight_3, hangedman_decor_growths,
          minmay_box_of_dots
D:2:      layout_basic, basic_altar, uniq_sigmund
D:3:      layout_rooms, minmay_quantized, uniq_natasha
D:4:      layout_basic, gup_sewer_entry_pipe, minmay_goblin_outpost, uniq_edmund
D:5:      layout_loops_corners, grunt_temple_overflow_gold_and_silver,
          grunt_temple_overflow_open
D:6:      layout_cave_pools, elyvilon_altar_1, kennysheep_okawaru_gauntlet,
          serial_shops, shop_fountains, kennysheep_little_box,
          nicolae_benzene_ring, grunt_ministairs_7
D:7:      cheibrodos_barr_body, layout_basic, minmay_temple_entry_butterflies
D:8:      layout_rooms, gammafunk_temple_overflow_statue, dpeg_lair_monsters,
          minmay_misc_feat_alley, nicolae_hexahallways, st_stairs_3, uniq_joseph
D:9:      layout_roguey
D:10:     layout_roguey, kennysheep_mini, makhleb_altar_promises_db,
          mainiacjoe_overflow_surrounded_room
D:11:     layout_irregular_city, orc_0_dummy, ebering_ghost_disaster_area
D:12:     layout_rooms, gammafunk_ghost_fury_of_okawaru,
          hellmonk_bongcloud_opening, uniq_josephine, uniq_snorg
D:13:     cheibrodos_orc_bank, layout_basic,
          nicolae_hepliaklqana_monster_ancestors
D:14:     layout_loops_cross, lightli_vaults_fourway_checkpoint,
          chequers_serial_rivers_micro_b
D:15:     gammafunk_enter_depths_forms, layout_cave_pods,
          minmay_misc_feat_diagonals, muffindrake_ghost_dual_entry, uniq_roxanne
Lair:1:   minmay_lair_oklob_chamber, layout_chaotic_city
Lair:2:   layout_gridlike
Lair:3:   layout_gridlike, elwin_shoals_entry_rooms, spider_nest_entry_webs,
          gauntlet_entry_generic, minmay_hedge_maze, grunt_megastairs_2,
          uniq_nergalle
Lair:4:   layout_gridlike, slime_entry_2, lemuel_fruit_tree
Lair:5:   grunt_lair_end_beastmaster, layout_cellular_growth,
          gammafunk_ghost_split
Shoals:1: layout_shoals, nicolae_shoals_water_elemental_grotto, uniq_nikola
Shoals:2: layout_shoals, st_sunken_temple, uniq_ilsuiw
Shoals:3: layout_shoals, serial_shops, nicolae_shop_waterfront
Shoals:4: shoals_end_simple, layout_shoals, serial_shops, nicolae_shop_stone
Spider:1: layout_spider_delve, guppyfry_spider_mini_1, uniq_rupert
Spider:2: layout_chambers, hangedman_spider_trapstep
Spider:3: layout_spider_delve, uniq_aizul
Spider:4: grunt_spider_rune_island
Orc:1:    dreamdust_wu_jian_sword_trials, layout_caves, mines5_lemuel
Orc:2:    st_orc_mages, layout_caves
Elf:1:    minmay_elf_arrival_plus, layout_rooms, serial_shops,
          nicolae_shop_crystal, hangedman_elven_crosses_minicolossus,
          minmay_shop_enchanted_jewellery, minivault_16, uniq_donald
Elf:2:    nicolae_elf_blades_crystal_corner, layout_geoelf_diagonals,
          minivault_13
Elf:3:    minmay_elf_hall_spiked, layout_onion_city, serial_shops, shop
Vaults:1: v_alt_pattern_2, nicolae_vaults_network_star, vaults_standard_mumra_x,
          dpeg_vaults_waves, nicolae_vaults_little_squares_4,
          ontoclasm_vaults_decontamination, nicolae_vaults_arrows,
          grunt_vaults_hallway_short, v_alt_pattern_6, vaults_room_pools,
          hangedman_vaults_river_flow, v_misc_23, ontoclasm_vaults_gateway,
          ontoclasm_vaults_claustrophobia, grunt_vaults_hallway_short,
          layout_vaults_maze_bifur
Vaults:2: nicolae_vaults_border_crossing, nicolae_vaults_diagonal_hallway_9,
          ontoclasm_vaults_loading_screen, v_misc_32, vaults_room_semicircle,
          minmay_crypt_entry_necro_gods, vaults_mumra_lcd, v_alt_pattern_2,
          vaults_dpeg_encased_lava, ontoclasm_vaults_spin, v_misc_25,
          vaults_standard_mumra_lines, nicolae_vaults_network_quincunx
          [nicolae_vaults_network_quincunx_subvault,
          nicolae_vaults_network_quincunx_subvault,
          nicolae_vaults_network_quincunx_subvault,
          nicolae_vaults_network_quincunx_subvault,
          nicolae_vaults_network_quincunx_subvault],
          nicolae_vaults_little_squares_2, ontoclasm_vaults_twist,
          layout_vaults_omnibox
Vaults:3: st_lines, nicolae_vaults_three_branches, hangedman_vaults_locks,
          nicolae_vaults_theta, nicolae_vaults_little_squares_1, v_misc_1,
          vaults_dpeg_emergency_exit, vaults_dpeg_spiral, hangedman_vaults_maws,
          v_misc_5, nicolae_vaults_specimen_jars,
          vaults_standard_mumra_enter_the_diamond, vaults_dpeg_diagonal,
          vaults_room_stairs_pillars, grunt_vaults_bifocal,
          vaults_room_semicircle, nicolae_vaults_little_ls, layout_vaults_ring
Vaults:4: ontoclasm_vaults_eye, v_misc_30, gammafunk_sealed_arena, v_misc_11,
          serial_ice_m, v_misc_14, v_alt_pattern_6, layout_vaults_quadrants,
          serial_shops, shop, shop
Vaults:5: serial_shops, uniq_xtahua
Crypt:1:  layout_gridlike, basic_altar, minivault_19, hellmonk_scarab_ruin
Crypt:2:  layout_chaotic_city
Crypt:3:  lightli_unholy_cathedral, layout_chaotic_city,
          nicolae_tomb_entry_unfolded_pyramid_orthogonal,
          palyth_stone_intersect, grunt_ministairs_13, uniq_margery
Depths:1: layout_basic, enter_ziggurat_e, grunt_mini_vestibule,
          nicolae_trove_entry_isolated, nemelex_altar_shiori, fedhas_altar_4,
          minmay_shop_grove, uniq_saint_roka
Depths:2: kennysheep_scales, layout_basic, abyss_entry_small_statue_room,
          hellmouth_1, pan_entry, firewood_loft
Depths:3: minmay_open_boxes_in_corner, layout_basic,
          hangedman_tar_grid_catacomb, solitary_fountain, abyss_entry,
          minivault_16, infiniplex_staircase_pillars_3b
Depths:4: grunt_zot_entry_alcove, layout_honeycomb, serial_shops,
          bzr_entry_dummy, hellmouth_3, ashenzari_conservatory_becter
Zot:1:    hangedman_snap_crack_crunch, layout_onion_interference
Zot:2:    layout_gridlike, grunt_megastairs_4
Zot:3:    layout_misc_corridors
Zot:4:    layout_misc_corridors, lemuel_golem_globe, uniq_vv, uniq_parghit

Skill      XL: |  1  2  3  4  5  6  7  8  9 10 11 12 13 14 15 16 17 18 19 20 21 22 23 24 25 26 27 |
---------------+----------------------------------------------------------------------------------+-----
Long Blades    | 3 |  3.8
Fighting       | 4 5 7 9 10 12 15 17 20 | 20.0
Maces & Flails | 5 8 12 14 16 21 | 21.3
Invocations    | 8 10 12 14 16 19 20 22 25 | 25.7
Shields        | 3 7 15 | 15.5
Evocations     | 6 8 13 15 | 15.0
Dodging        | 3 10 14 17 18 20 | 20.0
Armour         | 7 10 11 16 20 | 20.0
Throwing       | 2 |  2.5
Spellcasting   | |  2.0
Translocations | |  2.4

Action                   |  1- 3 |  4- 6 |  7- 9 | 10-12 | 13-15 | 16-18 | 19-21 | 22-24 | 25-27 || total
-------------------------+-------+-------+-------+-------+-------+-------+-------+-------+-------++-------
Melee: Falchion          |    55 |       |       |       |       |       |       |       |       ||    55
       Kick              |    31 |    59 |    98 |   236 |   626 |   797 |  1069 |  1116 |   925 ||  4957
       Peck              |     8 |    29 |    63 |   157 |   384 |   501 |   696 |   765 |   571 ||  3174
       Dagger            |    55 |   172 |    56 |       |       |       |       |       |       ||   283
       Punch             |     1 |     1 |     2 |     3 |       |       |       |       |       ||     7
       Flail             |       |       |   267 |   494 |       |       |       |       |       ||   761
       Morningstar       |       |       |       |   117 |  1574 |   262 |       |       |       ||  1953
       Demon whip        |       |       |       |       |       |  1561 |  1983 |   234 |       ||  3778
       Eveningstar       |       |       |       |       |       |       |       |  1956 |  1729 ||  3685
Throw: Boomerang         |     1 |       |       |       |       |       |       |       |       ||     1
       Dart              |       |       |       |    44 |     1 |     2 |       |       |       ||    47
       Throwing net      |       |       |       |       |     2 |       |     2 |       |       ||     4
Invok: Grow Oklob        |       |       |       |     1 |       |       |       |       |       ||     1
Evoke: Wand              |       |     1 |       |     8 |     1 |     3 |     5 |    10 |       ||    28
       Condenser vane    |       |       |       |     2 |     2 |     4 |     7 |     7 |     5 ||    27
       Lightning rod     |       |       |       |       |     4 |     5 |     4 |       |       ||    13
       Phial of floods   |       |       |       |       |       |     2 |       |       |       ||     2
       Tin of tremorston |       |       |       |       |       |       |       |       |     1 ||     1
       Phantom mirror    |       |       |       |       |       |       |       |       |     1 ||     1
  Use: Scroll            |       |       |    10 |    16 |    11 |    17 |     5 |    14 |    15 ||    88
       Potion            |       |       |     1 |     1 |     4 |     5 |     4 |     3 |     6 ||    24
 Stab: Confused          |       |       |       |     1 |       |     5 |       |       |       ||     6
       Petrifying        |       |       |       |       |     2 |       |       |       |       ||     2
       Petrified         |       |       |       |       |     2 |       |       |       |       ||     2
       Held in net/web   |       |       |       |       |     1 |     2 |       |       |       ||     3
Armor: Leather armour    |    20 |       |       |       |       |       |       |       |       ||    20
       Ring mail         |    27 |    45 |    80 |    58 |       |       |       |       |       ||   210
       Scale mail        |       |       |       |   111 |   245 |       |       |       |       ||   356
       Plate armour      |       |       |       |       |   255 |   989 |   609 |   896 |   135 ||  2884
       Gold dragon scale |       |       |       |       |       |       |       |       |   627 ||   627
Dodge: Dodged            |    62 |    79 |   286 |   348 |  1104 |  1230 |  1151 |  1696 |  1150 ||  7106
Block: Buckler           |       |       |       |    75 |   307 |   462 |   401 |   805 |   119 ||  2169
       Kite shield       |       |       |       |       |       |       |       |       |   869 ||   869
       Reflection        |       |       |       |       |       |       |       |       |    33 ||    33
